 Dungeon Crawl Stone Soup version 0.31.0-11-ge490571c62 (webtiles) character file.

Game seed: 15670622132286887505

935 qw the Skirmisher (level 7, 0/40 HPs)
             Began as a Deep Elf Hunter on Feb 4, 2024.
             Was an Initiate of Okawaru.
             Slain by an ice beast (10 damage)
             ... on level 6 of the Dungeon.
             The game lasted 00:00:16 (4624 turns).

qw the Skirmisher (Deep Elf Hunter)                 Turns: 4624, Time: 00:00:16

Health: 0/40       AC:  7    Str: 10    XL:     7   Next: 87%
Magic:  9/9        EV: 16    Int: 14    God:    Okawaru [......]
Gold:   91         SH:  0    Dex: 18    Spells: 6/6 levels left

rFire   . . .        a - +1 shortbow
rCold   . . .        (shield currently unavailable)
rNeg    . . .        d - +1 ring mail
rPois   .            (no helmet)
rElec   .            (no cloak)
rCorr   .            (no gloves)
SInv    .            n - +0 pair of boots
Will    .....        o - amulet of faith
Stlth   +            c - +5 ring of evasion
HPRegen 0.26/turn    (no ring)
MPRegen 0.11/turn

%: faith
@: no status effects
A: no striking features
a: Renounce Religion


You were on level 6 of the Dungeon.
You worshipped Okawaru.
Okawaru was noncommittal.
You visited 2 branches of the dungeon, and saw 7 of its levels.
You also visited: Sewer.

You collected 293 gold pieces.
You spent 202 gold pieces at shops.


   Skills:
 - Level 2.5 Fighting
 - Level 12.0 Ranged Weapons
 + Level 0.9 Armour
 - Level 3.4 Dodging
 - Level 1.2 Stealth


You had 6 spell levels left.
You didn't know any spells.
Your spell library was empty.

Inventory:

Hand Weapons
 a - a +1 shortbow (weapon)
Armour
 d - a +1 ring mail (worn)
 g - a +2 robe of fire resistance
 n - a +0 pair of boots (worn)
 p - a +0 pair of gloves
Jewellery
 c - a +5 ring of evasion (left hand)
 o - an amulet of faith (around neck)
Wands
 i - a wand of light (12)
 l - a wand of flame (9)
 m - a wand of iceblast (3)
Scrolls
 k - 2 scrolls of teleportation
Potions
 b - a potion of mutation
 e - 2 potions of curing
 f - 2 potions of enlightenment
 h - 3 potions of heal wounds
 j - a potion of might {unknown}

Dungeon Overview and Level Annotations

Branches:
Dungeon (6/15)             Temple (1/1) D:5           Sewer (visited)

Altars:
Cheibriados
Dithmenos
Elyvilon
Hepliaklqana
Kikubaaqudgha
Nemelex Xobeh
Okawaru
Qazlal
Ru
Sif Muna
Trog
Uskayaw
Vehumet
Wu Jian
Xom
Yredelemnul
Zin
The Shining One

Shops:
D:5 *


Message History

You shoot an arrow.
The arrow barely misses the howler monkey.
The howler monkey hits you.
You shoot an arrow. The arrow hits the howler monkey.
The howler monkey is almost dead.
The howler monkey barely misses you.
You shoot an arrow.
The arrow closely misses the howler monkey.
The howler monkey barely misses you.
You shoot an arrow.
The arrow closely misses the howler monkey.
The howler monkey closely misses you. The howler monkey barely misses you.
You shoot an arrow. The arrow hits the howler monkey.
You kill the howler monkey!
Okawaru accepts your kill.
You start resting.
HP restored.
You now have 80 gold pieces (gained 13).
Found a spear and a war axe.
You now have 91 gold pieces (gained 11).
p - a +0 pair of gloves You see here a +0 spear.
h - 3 potions of heal wounds (gained 1)
An ice beast comes into view.
You shoot an arrow. The arrow barely misses the ice beast.
You shoot an arrow. The arrow closely misses the ice beast.
You shoot an arrow. The arrow hits the ice beast!
The ice beast is moderately wounded.
The ice beast hits you. The ice beast freezes you!
You shoot an arrow. The arrow hits the ice beast!
The ice beast is heavily wounded.
The ice beast barely misses you.
You shoot an arrow.
The arrow hits the ice beast but does no damage.
The ice beast is heavily wounded.
The ice beast hits you. The ice beast freezes you!
You shoot an arrow. The arrow closely misses the ice beast.
You shoot an arrow. The arrow barely misses the ice beast.
The ice beast hits you. The ice beast freezes you!
You die...

### ##.## ##...##
#######.....######
#................#
#.#####.....####.#
#@# ##...## #.#
#.Y.# ##.## #.#
#.### ### #.# #.
#.# # ##.# ##...
#.... ##... ##.#


You could see an ice beast.

Vanquished Creatures
  Sigmund (D:4)
  An ogre (D:4)
  3 kobold brigands
  A scorpion (D:5)
  A howler monkey (D:6)
  A bombardier beetle (D:5)
  3 hounds (D:5)
  An orc priest (D:5)
  Terence (D:3)
  3 orc wizards
  3 gnolls (D:2)
  3 adders
  2 river rats (Sewer)
  3 ribbon worms (D:4)
  A dart slug (D:1)
  6 orcs
  3 bats
  4 endoplasms
  A giant cockroach (D:4)
  6 goblins
  3 hobgoblins
  7 kobolds
  4 quokkas
  5 ball pythons
  A frilled lizard (D:1)
  4 rats
72 creatures vanquished.

Notes
Turn   | Place    | Note
-------+----------+-------------------------------------------
     0 | D:1      | qw the Deep Elf Hunter began the quest for the Orb.
     0 | D:1      | Reached XP level 1. HP: 12/12 MP: 3/3
     0 | D:1      | 0 ||| qw: Version: 0.3-a-160-g6735b56
     0 | D:1      | 0 ||| qw: Game counter: 4731
     0 | D:1      | 0 ||| qw: Melee chars always use a shield: true
     0 | D:1      | 0 ||| qw: God list: Okawaru
     0 | D:1      | 0 ||| qw: Allow faded altars: false
     0 | D:1      | 0 ||| qw: Do Orc after clearing Dungeon:15 true
     0 | D:1      | 0 ||| qw: Do second Lair branch before Depths: true
     0 | D:1      | 0 ||| qw: Lair rune preference: random
     0 | D:1      | 0 ||| qw: Goals: Normal
     0 | D:1      | 0 ||| PLANNING D:1-11
    33 | D:1      | Found a faded altar of an unknown god.
   253 | D:1      | Reached XP level 2. HP: 16/16 MP: 4/4
   286 | D:1      | Reached skill level 6 in Ranged Weapons
   598 | D:1      | 598 ||| READING 2 scrolls labelled NON COIXEIGH.
   599 | D:1      | 599 ||| DROPPING scroll of butterflies.
   612 | D:2      | 612 ||| STAIRDANCE
  1042 | D:2      | Reached XP level 3. HP: 20/20 MP: 5/5
  1072 | D:2      | Reached skill level 7 in Ranged Weapons
  1228 | D:2      | 1228 ||| READING scroll of identify.
  1228 | D:2      | 1228 ||| IDENTIFYING glowing clear potion
  1229 | D:2      | 1229 ||| READING scroll labelled GYHIH NAVAPAL.
  1249 | D:3      | Reached XP level 4. HP: 25/25 MP: 6/6
  1292 | D:3      | 1292 ||| FLEEEEING.
  1293 | D:3      | 1293 ||| FLEEEEING.
  1294 | D:3      | 1294 ||| FLEEEEING.
  1295 | D:3      | 1295 ||| FLEEEEING.
  1298 | D:3      | 1298 ||| FLEEEEING.
  1299 | D:3      | 1299 ||| FLEEEEING.
  1300 | D:3      | 1300 ||| FLEEEEING.
  1301 | D:3      | 1301 ||| FLEEEEING.
  1302 | D:3      | 1302 ||| FLEEEEING.
  1303 | D:3      | 1303 ||| FLEEEEING.
  1304 | D:3      | 1304 ||| FLEEEEING.
  1305 | D:3      | 1305 ||| FLEEEEING.
  1306 | D:3      | 1306 ||| STAIRDANCE
  1318 | D:2      | 1318 ||| UPGRADING to +0 ring mail.
  1328 | D:2      | 1328 ||| DROPPING +0 leather armour.
  1329 | D:2      | 1329 ||| READING scroll labelled BELAIJ COLUCK.
  1332 | D:3      | 1332 ||| STAIRDANCE
  1387 | D:3      | 1387 ||| DROPPING +2 sling of freezing.
  1980 | D:3      | Noticed Terence
  1990 | D:3      | HP: 6/25 [Terence/+0 hand axe (5)]
  1991 | D:3      | Killed Terence
  1992 | D:3      | Reached skill level 8 in Ranged Weapons
  2074 | D:3      | 2074 ||| READING 2 scrolls of identify.
  2074 | D:3      | 2074 ||| IDENTIFYING dark potion
  2075 | D:3      | 2075 ||| READING scroll of identify.
  2075 | D:3      | 2075 ||| IDENTIFYING scroll labelled HOEWIMUMEL
  2076 | D:3      | 2076 ||| READING scroll labelled DUK MAHOACU.
  2076 | D:3      | 2076 ||| ENCHANTING +0 ring mail.
  2077 | D:3      | 2077 ||| READING scroll labelled MAEBLUALEZ.
  2077 | D:3      | 2077 ||| ENCHANTING +0 shortbow.
  2078 | D:3      | 2078 ||| DROPPING scroll of blinking.
  2098 | D:4      | 2098 ||| PLANNING SEWER
  2098 | D:4      | 2098 ||| STAIRDANCE
  2104 | D:4      | 2104 ||| STAIRDANCE
  2213 | D:4      | Noticed Sigmund
  2215 | D:4      | 2215 ||| FLEEEEING.
  2216 | D:4      | 2216 ||| FLEEEEING.
  2217 | D:4      | 2217 ||| FLEEEEING.
  2229 | D:4      | Killed Sigmund
  2230 | D:4      | Reached skill level 9 in Ranged Weapons
  2230 | D:4      | Reached XP level 5. HP: 24/29 MP: 7/7
  2230 | D:4      | Reached XP level 6. HP: 28/34 MP: 8/8
  2450 | D:4      | Found a glowing drain.
  2475 | D:4      | 2475 ||| DROPPING +1 robe of fire resistance.
  2476 | D:4      | 2476 ||| UPGRADING to +5 ring of evasion.
  2477 | D:4      | 2477 ||| READING scroll labelled ITTEMMEONAA.
  2623 | Sewer    | Entered a sewer
  2724 | Sewer    | Reached skill level 10 in Ranged Weapons
  2729 | Sewer    | HP: 9/36 [kobold brigand/+0 short sword (2)]
  2737 | Sewer    | HP: 5/36 [kobold brigand/+0 short sword (6)]
  2739 | Sewer    | Reached skill level 3 in Dodging
  2739 | Sewer    | Reached XP level 7. HP: 6/40 MP: 9/9
  2887 | Sewer    | Found a white marble altar of Elyvilon.
  2931 | D:4      | 2931 ||| PLANNING D:1-11
  3281 | D:4      | 3281 ||| READING scroll labelled FUFEBI IRYRON.
  3459 | D:5      | Entered Level 5 of the Dungeon
  3600 | D:5      | Reached skill level 11 in Ranged Weapons
  3796 | D:5      | Found a staircase to the Ecumenical Temple.
  3797 | D:5      | 3797 ||| PLANNING TEMPLE
  3802 | Temple   | Entered the Ecumenical Temple
  3803 | Temple   | 3803 ||| PLANNING OKAWARU WORSHIP
  3810 | Temple   | Became a worshipper of Warmaster Okawaru
  3811 | Temple   | 3811 ||| PLANNING D:1-11
  3918 | D:5      | Found Awomiesk's Elemental Accessories.
  3922 | D:5      | 3922 ||| BUYING wand of flame (9) (94 gold).
  3922 | D:5      | Bought a wand of flame (9) for 94 gold pieces
  3922 | D:5      | 3922 ||| BUYING wand of iceblast (3) (108 gold).
  3922 | D:5      | Bought a wand of iceblast (3) for 108 gold pieces
  4243 | D:5      | Reached skill level 12 in Ranged Weapons
  4389 | D:5      | 4389 ||| UPGRADING to +0 pair of boots.
  4394 | D:5      | 4394 ||| UPGRADING to amulet of faith.
  4624 | D:6      | HP: 10/40 [ice beast (2)]
  4624 | D:6      | Slain by an ice beast

Levels and vault maps discovered:
D:1:      wander_arrival_lonely_grave, layout_basic,
          shapermc_ecumenical_altar_gd, kennysheep_decorative_pillar,
          dreamdust_princess_corridor
D:2:      layout_loops_ring
D:3:      layout_basic, uniq_terence
D:4:      layout_cave_pods, cheibrodos_sewer_entry_bend, uniq_sigmund
D:5:      layout_loops_ring, minmay_temple_entry_gardened_gates,
          grunt_decor_one_mirror, minmay_tree_intersection,
          nicolae_elemental_shop, chequers_serial_rivers_micro_e
D:6:      layout_loops_cross, chequers_serial_rivers_small_b, minivault_10,
          minivault_19, nicolae_nh_ransacked_shop
Temple:   eino_narrow_crystal_temple

Skill      XL: |  1  2  3  4  5  6  7 |
---------------+----------------------+-----
Ranged Weapons | 6 7 9 10 12 | 12.0
Fighting       | 2 |  2.5
Dodging        | 3 |  3.4
Armour         | |  0.9
Stealth        | |  1.2

Action                     |  1- 3 |  4- 6 |  7- 9 || total
---------------------------+-------+-------+-------++-------
   Fire: Shortbow          |    59 |   132 |   119 ||   310
    Use: Scroll            |     3 |     6 |     1 ||    10
 Armour: Leather armour    |     6 |     6 |       ||    12
         Ring mail         |       |    31 |    29 ||    60
  Dodge: Dodged            |     8 |    37 |    48 ||    93

Table legend:
 A = Non-vault XP
 B = Vault XP
 C = Vault XP percentage of total XP
 D = Non-vault monster count
 E = Vault monster count
 F = Vault count percentage of total count
                 A         B        C        D         E       F
            +---------+---------+-------+---------+---------+-------
      Total |     831 |     506 |  37.8 |      60 |      12 |  16.7
            +---------+---------+-------+---------+---------+-------
        D:1 |      22 |       0 |   0.0 |      12 |       0 |   0.0
        D:2 |      73 |       0 |   0.0 |      12 |       0 |   0.0
        D:3 |      52 |      36 |  40.9 |      13 |       1 |   7.1
        D:4 |     143 |     240 |  62.7 |       8 |       3 |  27.3
        D:5 |     484 |       0 |   0.0 |      14 |       0 |   0.0
        D:6 |      57 |       0 |   0.0 |       1 |       0 |   0.0
      Sewer |       0 |     230 | 100.0 |       0 |       8 | 100.0
            +---------+---------+-------+---------+---------+-------
